 Dungeon Crawl Stone Soup version 0.21-a0-504-g2eda330 (webtiles) character file.

978 theanonym the Cleaver (level 7, -6/81 HPs)
             Began as a Minotaur Chaos Knight on Nov 27, 2017.
             Engulfed by a cloud of flame (17 damage)
             ... on level 5 of the Dungeon.
             The game lasted 00:08:53 (4905 turns).

theanonym the Cleaver (Minotaur Chaos Knight)       Turns: 4905, Time: 00:08:53

Health: -6/81      AC: 23    Str: 23    XL:     7   Next: 95%
Magic:  5/5        EV:  2    Int:  9    God:    Xom [*.....]
Gold:   90         SH:  8    Dex: 13    Spells: 6/6 levels left

rFire    . . .     SeeInvis .   a - +1 hand axe (chaos)
rCold    . . .     Gourm    .   y - +0 shield
rNeg     + + +     Faith    +   (armour currently unavailable)
rPois    +         Spirit   .   (helmet currently unavailable)
rElec    .         Reflect  .   (cloak currently unavailable)
rCorr    .         Harm     .   (gloves currently unavailable)
MR       .....     NoTele   +   (boots currently unavailable)
Stlth    ++........             j - amulet of faith {Faith, !P}
HPRegen  0.23/turn              (no ring)
MPRegen  0.09/turn              (no ring)

@: mighty, agile, tree-form
A: (retaliatory headbutt), clumsy 1, frail 1, low mp 1, evolution 1
a: Renounce Religion


Innate Abilities, Weirdness & Mutations

((You reflexively headbutt those who attack you in melee.))
((You have a pair of horns on your head.))
You are clumsy. (Dex -2)
You are frail. (-10% HP)
Your magical capacity is low. (-10% MP)
You evolve.


   Skills:
 + Level 4.9 Fighting
 * Level 10.9 Axes
 - Level 2.4 Armour
 - Level 1.1 Dodging


You had 6 spell levels left.
You didn't know any spells.

Skill      XL: |  1  2  3  4  5  6  7 |
---------------+----------------------+-----
Axes           | 4 5 7 8 9 10 | 10.9
Fighting       | 4 |  4.9
Armour         | |  2.4
Dodging        | |  1.1

Action                   |  1- 3 |  4- 6 |  7- 9 || total
-------------------------+-------+-------+-------++-------
Melee: Hand axe          |    52 |   183 |    69 ||   304
       Headbutt          |     8 |    22 |    11 ||    41
Evoke: Wand              |       |     1 |       ||     1
  Use: Scroll            |       |     9 |     3 ||    12
       Potion            |       |       |     5 ||     5
 Stab: Confused          |     1 |     1 |     1 ||     3
       Petrifying        |       |     1 |       ||     1
       Petrified         |       |     1 |       ||     1
       Paralysed         |       |       |     4 ||     4
  Eat: Chunk             |       |     9 |     3 ||    12
       Fruit             |       |       |     1 ||     1
Armor: Leather armour    |     8 |    24 |       ||    32
       Quicksilver drago |       |    57 |    18 ||    75
       Skin              |       |       |     7 ||     7
Dodge: Dodged            |    33 |    75 |     8 ||   116
Block: Shield            |       |     2 |    17 ||    19

Inventory:

Hand Weapons
 a - a +1 hand axe of chaos (weapon)
 t - a +0 blowgun
   (You took it off a kobold on level 3 of the Dungeon)
Armour
 d - quicksilver dragon scales (melded)
   (You found it on level 2 of the Dungeon)
 n - a +1 leather armour of fire resistance
   (You found it on level 2 of the Dungeon)
 y - a +0 shield (worn)
   (You bought it in a shop on level 5 of the Dungeon)
Jewellery
 j - an amulet of faith (around neck) {Faith, !P}
   (You found it on level 4 of the Dungeon)
 m - an uncursed ring of ice {rC+, rF-}
   (You found it on level 2 of the Dungeon)
Wands
 c - a wand of clouds (6)
   (You took it off Ijyb on level 4 of the Dungeon)
Scrolls
 f - a scroll of fog {!r}
 k - a scroll of amnesia
 o - 3 scrolls of remove curse
 r - 2 scrolls of identify
Potions
 e - a potion of haste
 h - a potion of degeneration
 i - 2 potions of lignification
 q - 3 potions of curing
 z - a potion of heal wounds {unknown}
Books
 x - a book of Callings
   (You found it on level 5 of the Dungeon)

   Spells                             Type                      Level
   a - Summon Small Mammal            Summoning                    1
   b - Call Imp                       Summoning                    2
   c - Call Canine Familiar           Summoning                    3
   d - Summon Guardian Golem          Hexes/Summoning              3
   e - Summon Lightning Spire         Summoning/Air                4
   f - Summon Ice Beast               Ice/Summoning                4
Comestibles
 g - 2 royal jellies
 p - 4 meat rations
 v - 4 bread rations

Dungeon Overview and Level Annotations

Branches:
Dungeon (5/15)
 Temple: D:4-7

Altars:
Dithmenos
Hepliaklqana
Ru
Uskayaw
Yredelemnul

Shops:
D:5 *

Annotations:
D:3 Crazy Yiuf


You were on level 5 of the Dungeon.
You worshipped Xom.
You were a special plaything of Xom.
You were not hungry.
You were a tree.
You visited 1 branch of the dungeon, and saw 5 of its levels.

You collected 193 gold pieces.
You spent 103 gold pieces at shops.


Message History

A worker ant is nearby!
A worker ant is nearby!
Health restored: 53 You closely miss the worker ant.
You block the worker ant's attack.
You closely miss the worker ant. You headbutt the worker ant.
You block the worker ant's attack.
You hit the worker ant. The worker ant barely misses you.
You furiously retaliate!
You headbutt the worker ant, but do no damage.
You hit the worker ant but do no damage.
The worker ant bites you but does no damage.
You closely miss the worker ant. You block the worker ant's attack.
The worker ant bites you but does no damage.
You barely miss the worker ant. You headbutt the worker ant!
You block the worker ant's attack.
You barely miss the worker ant. The worker ant barely misses you.
You completely miss the worker ant.
The worker ant bites you but does no damage.
You closely miss the worker ant. Your headbutt misses the worker ant.
The worker ant bites you but does no damage.
You slash the worker ant!
You kill the worker ant!
Health restored: 54 No target in view!
No target in view!
You butcher the worker ant corpse.
b - a chunk of flesh Eating a chunk of flesh.
You eat the chunk of flesh.
Found a stone staircase leading up.
Found a stone staircase leading down.
b - a scroll labeled KILYMI JOJO A hippogriff comes into view.
A hippogriff is nearby!
As you read the scroll of identify, it crumbles to dust.
h - a potion of degeneration Wield which item (- for none, * to show all)? (? for menu, Esc to quit)
t - a +0 blowgun (weapon)
"Go forth and cause havoc, mortal!"
You feel very mighty all of a sudden.
Wield which item (- for none, * to show all)? (? for menu, Esc to quit)
Your +0 hand axe of chaos is briefly surrounded by a scintillating aura of random colours.
a - a +0 hand axe of chaos (weapon)
Okay, then.
As you read the scroll labeled KILYMI JOJO, it crumbles to dust.
It is a scroll of enchant weapon.
Your +0 hand axe of chaos glows red for a moment.
Xom's power touches on you for a moment.
You smell something strange.
You are now a very special plaything of Xom.
As you read the scroll labeled GIRUZXI BOMEI, it crumbles to dust.
The creatures around you are filled with an inner flame!
It was a scroll of immolation.
You feel mightier all of a sudden.
You turn into a tree.
Your quicksilver dragon scales melds into your body.
Your roots penetrate the ground.
You block the hippogriff's attack.
The hippogriff pecks you but does no damage.
The hippogriff claws you but does no damage.
You now have 81/81 hp.
You barely miss the hippogriff.
The hippogriff bites you but does no damage.
The hippogriff pecks you but does no damage.
The hippogriff claws you.
You take 3 damage, and have 78/81 hp.
You hit the hippogriff.
Lightning courses through the hippogriff!
The hippogriff bites you.
The hippogriff pecks you but does no damage.
You block the hippogriff's attack.
You take 1 damage, and have 77/81 hp.
You slice the hippogriff!!
You are now a special plaything of Xom.
The hippogriff bites you.
The hippogriff pecks you but does no damage.
The hippogriff claws you but does no damage.
You hit the hippogriff.
The hippogriff appears confused.
You slice the hippogriff!!
The hippogriff explodes!
The fiery explosion engulfs you!
Your life force feels restored.
You are engulfed in blazing flames.
You take 35 damage, and have 42/81 hp.
MASSIVE DAMAGE!!
You cannot move.
You cannot move.
You are engulfed in blazing flames.
* * * LOW HITPOINT WARNING * * *
You take 7 damage, and have 35/81 hp.
You are engulfed in blazing flames.
* * * LOW HITPOINT WARNING * * *
You are engulfed in blazing flames.
* * * LOW HITPOINT WARNING * * *
You take 9 damage, and have 26/81 hp.
It was a potion of agility.
You feel agile all of a sudden.
You are engulfed in blazing flames.
* * * LOW HITPOINT WARNING * * *
You take 15 damage, and have 11/81 hp.
It was a potion of flight.
Your roots keep you in place.
You are engulfed in blazing flames.
You die...

.. ####### ...
.......## #..#
#....### #..# #
####.§§## #..# ##
##§♣.## #..####.
###..# #...##..
#..## #....... #>..#
##...##..
####...#####....####
#.......##.....## #
.....<......#####
....######.### #..#
#.#


There were no monsters in sight!

Notes
Turn   | Place    | Note
-------+----------+-------------------------------------------
     0 | D:1      | theanonym the Minotaur Chaos Knight began the quest for the Orb.
     0 | D:1      | Reached XP level 1. HP: 19/19 MP: 0/0
    51 | D:1      | Reached skill level 4 in Axes
    51 | D:1      | Reached XP level 2. HP: 19/26 MP: 1/1
   236 | D:1      | XOM: harmless Tmut miscast
   292 | D:1      | Reached skill level 5 in Axes
   330 | D:1      | Reached XP level 3. HP: 25/31 MP: 2/2
   339 | D:1      | You fall through a shaft!
   339 | D:2      | Noticed a hand axe
   339 | D:2      | Noticed a hand axe
   409 | D:2      | XOM: silly message
   554 | D:2      | HP: 14/31 [xom (12)]
   554 | D:2      | XOM: torment (14/31 hp)
   671 | D:2      | Reached XP level 4. HP: 32/39 MP: 3/3
   684 | D:1      | XOM: harmless Air miscast
   684 | D:1      | Reached skill level 6 in Axes
  1097 | D:2      | Found a shadowy altar of Dithmenos.
  1148 | D:2      | Found a hide-covered altar of Uskayaw.
  1194 | D:2      | Found a basalt altar of Yredelemnul.
  1554 | D:2      | XOM: noise
  1576 | D:3      | Found a hazy altar of Hepliaklqana.
  1615 | D:3      | XOM: harmless Tmut miscast
  1699 | D:3      | Found a sacrificial altar of Ru.
  1880 | D:3      | XOM: give mutation
  1880 | D:3      | Gained mutation: You are clumsy. (Dex -2) [Xom's mischief]
  2187 | D:3      | Found a runed door.
  2208 | D:3      | XOM: summons 3 hostile shadow creatures
  2241 | D:3      | Noticed Crazy Yiuf
  2369 | D:4      | Reached skill level 7 in Axes
  2369 | D:4      | Reached XP level 5. HP: 41/45 MP: 4/4
  2511 | D:4      | Noticed Ijyb
  2526 | D:4      | Killed Ijyb
  2668 | D:4      | XOM: medium Air miscast
  2680 | D:4      | Noticed an ogre
  2681 | D:4      | XOM: summons 2 hostile demons
  2681 | D:4      | Killed an ogre
  2681 | D:4      | Reached skill level 8 in Axes
  2681 | D:4      | Reached XP level 6. HP: 38/51 MP: 5/5
  2695 | D:4      | XOM: summons 3 hostile demons
  2975 | D:4      | XOM: 2-stop teleportation journey
  3169 | D:4      | XOM: harmless Erth miscast
  3171 | D:4      | XOM: mild Hex miscast
  3212 | D:4      | XOM: divination: detect items
  3381 | D:5      | Entered Level 5 of the Dungeon
  3408 | D:5      | Found Teeg's Assorted Antiques.
  3414 | D:5      | Reached skill level 9 in Axes
  3428 | D:5      | Bought a shield for 103 gold pieces
  3480 | D:5      | XOM: mild Conj miscast
  3633 | D:5      | XOM: butterfly on damage
  3637 | D:5      | Reached XP level 7. HP: 33/57 MP: 6/6
  3637 | D:5      | HP: 24/57 [orc priest/divine providence (9)]
  3932 | D:4      | XOM: mild Fire miscast
  3975 | D:4      | XOM: give mutations
  3975 | D:4      | Gained mutation: You evolve. [Xom's mischief]
  3975 | D:4      | Gained mutation: You are frail. (-10% HP) [Xom's mischief]
  3975 | D:4      | Gained mutation: Your magical capacity is low. (-10% MP) [Xom's mischief]
  4199 | D:5      | XOM: noise
  4307 | D:5      | Reached skill level 10 in Axes
  4346 | D:5      | XOM: draining
  4434 | D:5      | XOM: 2-stop teleportation journey
  4436 | D:5      | XOM: harmless Tmut miscast
  4441 | D:5      | Reached skill level 4 in Fighting
  4448 | D:5      | XOM: harmless Tmut miscast
  4518 | D:5      | XOM: potion effect (invisibility)
  4786 | D:5      | XOM: medium Ice miscast
  4886 | D:5      | Noticed a hippogriff
  4888 | D:5      | XOM: potion effect (might)
  4890 | D:5      | XOM: harmless Tmut miscast
  4900 | D:5      | Killed a hippogriff
  4901 | D:5      | HP: 35/81 [cloud of flame (7)]
  4904 | D:5      | HP: 11/81 [cloud of flame (15)]
  4905 | D:5      | Engulfed by a cloud of flame

Vanquished Creatures
  A hippogriff (D:5)
  A centaur (D:5)
  An ogre (D:4)
  2 crimson imps (D:5)
  2 bullfrog skeletons
  A hound (D:5)
  A jelly (D:5)
  Ijyb (D:4)
  4 orc priests (D:5)
  An iguana (D:4)
  4 orc wizards
  A worker ant (D:5)
  5 adders
  A gnoll (D:1)
  An adder skeleton (D:4)
  2 worms (D:2)
  3 dart slugs (D:1)
  2 leopard geckos
  14 orcs
  4 giant cockroaches
  4 goblins
  9 hobgoblins
  5 jackals (D:2)
  A quokka (D:2)
  A ball python (D:3)
  5 bats
  5 frilled lizards
  10 kobolds
  5 rats
97 creatures vanquished.

Vanquished Creatures (others)
  A fire vortex (D:4)
1 creature vanquished.

Grand Total: 98 creatures vanquished
